AoeStats
← Barón de la Cerveza

Arabia

504550566Analyzed
1v1 RM · 28d ago on Sep 5, 2026· 42m 37s· 2 players
Game mode
Random Map
Map size
Tiny (2 player)
Population
200
Speed
Normal
Resources
Standard
Victory
Conquest
Starting age
Dark Age
Ending age
Imperial Age
RankedLock teamsTeams togetherTeam positionsShared explorationLock speedFull tech treeHidden civsTurbo modeCheats
Victory
Defeat
🇲🇽 Armenians · Mexico
1764
+9
🇮🇳 Lithuanians · India
1614
-9
Barón de la Cerveza
10:15 Loom
12:51 Feudal Age
17:01 Fletching
17:44 Double-Bit Axe
22:22 Castle Age
21:16 Horse Collar
21:55 Padded Archer Armor
23:23 Wheelbarrow
23:00 Bodkin Arrow
22:25 Crossbowman
32:13 Hand Cart
35:36 Imperial Age
33:20 Gold Mining
33:21 Stone Mining
33:31 Town Watch
35:45 Scale Mail Armor
36:00 Leather Archer Armor
35:10 Man-at-Arms
35:11 Pikeman
35:51 Squires
36:22 Bracer
37:14 Ballistics
37:54 Chemistry
36:24 Long Swordsman
36:50 Gambesons
37:18 Two-Handed Swordsman
38:14 Chain Mail Armor
38:10 Forging
39:26 Plate Mail Armor
39:31 Iron Casting
39:51 Conscription
40:57 Fereters
Look There ->
6:31 Loom
10:27 Feudal Age
17:07 Wheelbarrow
17:38 Double-Bit Axe
17:50 Town Watch
22:18 Castle Age
20:32 Horse Collar
22:23 Crossbowman
22:59 Fletching
23:28 Bow Saw
23:41 Bodkin Arrow
24:50 Ballistics
25:18 Padded Archer Armor
35:51 Hand Cart
38:30 Imperial Age
36:23 Scale Barding Armor
36:28 Forging
36:56 Elite Skirmisher
39:09 Chain Barding Armor
39:24 Iron Casting
39:34 Bracer
40:56 Chemistry
42:59 Leather Archer Armor
Connection lost

Rejoining the realm…

Still unreachable

The connection could not be restored.

Session expired

The server has moved on; the page needs a fresh start.